AoeStats
← mylove__

Arabia

506421930Analyzed
4v4 RM · 18d ago on Sep 13, 2026· 47m 46s· 8 players
Game mode
Random Map
Map size
Large (8 player)
Population
200
Speed
Normal
Resources
Standard
Victory
Conquest
Starting age
Dark Age
Ending age
Imperial Age
RankedLock teamsTeams togetherTeam positionsShared explorationLock speedFull tech treeHidden civsTurbo modeCheats
Victory
Defeat
🇹🇼 Magyars · Taiwan
1570
+12
🇹🇼 Mongols · Taiwan
1540
+13
1532
+13
🇹🇼 Franks · Taiwan
1443
+17
🇫🇷 Britons · France
1505
-15
🇹🇷 Franks · Türkiye
1471
-14
🇩🇪 Vietnamese · Germany
1457
-13
🇫🇷 Khitans · France
1452
-13
mylove__
6:55 Loom
9:21 Feudal Age
9:55 Double-Bit Axe
13:15 Scale Barding Armor
16:34 Forging
21:32 Castle Age
19:37 Gold Mining
22:37 Chain Barding Armor
23:13 Iron Casting
22:40 Husbandry
27:09 Bow Saw
36:53 Imperial Age
37:00 Cavalier
38:46 Plate Barding Armor
40:30 Paladin
43:05 Wheelbarrow
43:05 Conscription
XbugX
6:24 Loom
9:17 Feudal Age
10:12 Double-Bit Axe
11:48 Forging
12:03 Town Watch
15:38 Scale Barding Armor
16:22 Domestication
20:02 Wheelbarrow
23:25 Castle Age
24:31 Chain Barding Armor
24:48 Iron Casting
26:43 Chain Barding Armor
33:16 Husbandry
34:16 Gold Mining
42:46 Imperial Age
Moerbsle
7:23 Loom
9:38 Feudal Age
11:10 Double-Bit Axe
20:41 Fletching
27:37 Castle Age
25:37 Horse Collar
25:48 Gold Mining
26:41 Padded Archer Armor
27:43 Crossbowman
28:19 Bodkin Arrow
35:38 Bow Saw
35:29 Heavy Plow
35:20 Stone Mining
37:15 Ballistics
Tifur
6:27 Loom
6:37 Loom
9:35 Feudal Age
10:10 Double-Bit Axe
11:58 Fletching
20:20 Wheelbarrow
21:40 Town Watch
24:57 Castle Age
24:36 Padded Archer Armor
25:06 Gold Mining
25:34 Bodkin Arrow
25:00 Crossbowman
26:25 Bow Saw
26:23 Horse Collar
28:14 Ballistics
37:07 Imperial Age
36:41 Gold Shaft Mining
37:34 Hand Cart
37:07 Arbalester
37:49 Bracer
39:56 Chemistry
41:51 Leather Archer Armor
RoAmEr_Levi_
6:56 Loom
9:23 Feudal Age
9:51 Double-Bit Axe
17:48 Gold Mining
20:06 Castle Age
19:15 Scale Barding Armor
20:10 Forging
22:31 Husbandry
23:37 Chain Barding Armor
26:44 Stone Mining
27:31 Wheelbarrow
26:42 Town Watch
32:42 Hand Cart
35:51 Gold Shaft Mining
38:25 Imperial Age
39:49 Plate Barding Armor
38:36 Cavalier
39:54 Conscription
40:12 Bow Saw
41:58 Paladin
45:56 Iron Casting
...
9:14 Feudal Age
7:43 Loom
9:43 Double-Bit Axe
16:28 Wheelbarrow
17:34 Scale Barding Armor
22:35 Castle Age
21:39 Bloodlines
22:28 Gold Mining
22:48 Horse Collar
23:19 Husbandry
23:24 Light Cavalry
25:14 Bow Saw
27:06 Hand Cart
27:59 Chain Barding Armor
36:04 Town Watch
42:00 Imperial Age
42:00 Cavalier
42:33 Hussar
43:51 Heavy Plow
45:19 Plate Barding Armor
Guthrie_Govan
8:05 Feudal Age
8:07 Loom
9:07 Double-Bit Axe
13:12 Fletching
22:26 Castle Age
20:49 Padded Archer Armor
23:05 Bodkin Arrow
22:33 Crossbowman
28:22 Leather Archer Armor
28:47 Thumb Ring
29:22 Ballistics
34:17 Thumb Ring
35:33 Wheelbarrow
34:44 Town Watch
41:20 Imperial Age
41:44 Bow Saw
42:10 Bracer
43:12 Chemistry
43:13 Parthian Tactics
44:21 Town Patrol
44:37 Hand Cart
44:12 Horse Collar
44:25 Gold Mining
45:34 Conscription
45:05 Arbalester
46:21 Heavy Plow
46:07 Elite Mangudai
47:45 Forging
47:41 Scale Barding Armor
47:52 Masonry
47:50 Murder Holes
老楊默默地吃了熱香蕉泡麵
6:22 Loom
8:53 Feudal Age
12:44 Fletching
16:51 Double-Bit Axe
24:26 Castle Age
22:44 Padded Archer Armor
24:49 Crossbowman
27:33 Bodkin Arrow
29:08 Ballistics
38:58 Bow Saw
38:35 Elite Skirmisher
45:45 Horse Collar
Connection lost

Rejoining the realm…

Still unreachable

The connection could not be restored.

Session expired

The server has moved on; the page needs a fresh start.